[Event "Late-Titled-Tuesday-Blitz-February-27-2024"]
[Site "Chess.com"]
[Date "2024.02.27"]
[Round "3"]
[White "pirulillo"]
[Black "Capablanca_Oujda_2021"]
[Result "0-1"]
[WhiteElo "2222"]
[BlackElo "2532"]
[TimeControl "180+1"]
[EndTime "14:28:20 PST"]
[Termination "Capablanca_Oujda_2021 won on time"]

1. e4 c6 2. d3 g6 3. g3 Bg7 4. Bg2 e6 5. Ne2 Ne7 6. O-O O-O 7. f4 f5 8. e5 d5 9. Be3 Nd7 10. Nd2 c5 11. c4 d4 12. Bf2 Rb8 13. b4 b6 14. b5 Bb7 15. Nf3 h6 16. h4 Qc7 17.
a4 a5 18. bxa6 Bxa6 19. Be1 Bb7 20. a5 Bc6 21. axb6 Qxb6 22. Ba5 Qb3 23. Qd2 Rfc8 24. Rfb1 Qxb1+ 25. Rxb1 Rxb1+ 26. Kh2 Rcb8 27. Nexd4 cxd4 28. Nxd4 Bxg2 29. Qxg2 R1b2 30. Bd2 Nc5 31. Nc6 Nxc6 32. Qxc6 Rxd2+ 33. Kh3 Bf8 34. h5 Rbb2 35. g4 Rxd3+ 36.
Kh4 Rbb3 37. Qxe6+ Nxe6 38. g5 Be7 0-1

[Event "Late-Titled-Tuesday-Blitz-February-27-2024"]
[Site "Chess.com"]
[Date "2024.02.27"]
[Round "3"]
[White "northridgehawk"]
[Black "HajiyevKanan"]
[Result "1-0"]
[WhiteElo "2282"]
[BlackElo "2489"]
[TimeControl "180+1"]
[EndTime "14:28:21 PST"]
[Termination "northridgehawk won by resignation"]

1. e4 c6 2. Nc3 d5 3. Nf3 a6 4. d3 Bg4 5. h3 Bh5 6. g4 Bg6 7.
Bg2 e6 8. Qe2 Bb4 9. Bd2 Nf6 10.
e5 Nfd7 11. h4 h5 12. Ng5 hxg4 13. Qxg4 Nxe5 14. Qxb4 b5 15. Qf4 Nbd7 16. O-O-O Qf6 17.
Qg3 b4 18. Na4 c5 19. f4 Nc6 20. Rde1 Kf8 21. h5 Bf5 22. Bh3 Nd4 23. Qg1 a5 24.
Bxf5 Qxf5 25. Nxc5 Nxc5 26. Qxd4 Rc8 27. Kb1 Rc6 28.
Re5 Qg4 29. Rg1 Qxh5 30. Ne4 Qe2 31. Nxc5 Qxd2 32. Ree1 Rh7 33. Rc1 g6 34. Nb3 a4 35.
Nxd2 1-0

[Event "Late-Titled-Tuesday-Blitz-February-27-2024"]
[Site "Chess.com"]
[Date "2024.02.27"]
[Round "3"]
[White "protectiago"]
[Black "epiclord678"]
[Result "0-1"]
[WhiteElo "2089"]
[BlackElo "2396"]
[TimeControl "180+1"]
[EndTime "14:28:26 PST"]
[Termination "epiclord678 won by resignation"]

1. d4 Nf6 2. c4 g6 3. Nc3 Bg7 4. e4 d6 5. Be2 O-O 6. Be3 e5 7. d5 Na6 8. g4 Nc5 9. f3 a5 10. h4 c6 11. h5 cxd5 12. cxd5 a4 13. h6 Bh8 14. Nh3 Qa5 15. Qd2 Bd7 16. Nf2 Rfc8 17.
Nd3 Nxd3+ 18. Bxd3 a3 19. b3 Qxc3 20. Qxc3 Rxc3 21.
Kd2 Rcc8 22. g5 Nh5 23. Rhc1 f6 24. Rxc8+ Rxc8 25. Rc1 fxg5 26. Rxc8+ Bxc8 27. Bxg5 Bf6 28. Be3 Nf4 29. Bb5 Bd8 30. Kc3 Kf7 31. Kb4 g5 32. Kxa3 Kg6 33. Be8+ Kxh6 34. Kb2 Kg7 35. Kc2 Kf8 36.
Bb5 h5 37. Bf1 g4 38. fxg4 hxg4 39. a4 g3 40. Bxf4 exf4 41. Bg2 Bg4 0-1

[Event "Late-Titled-Tuesday-Blitz-February-27-2024"]
[Site "Chess.com"]
[Date "2024.02.27"]
[Round "3"]
[White "pr1105"]
[Black "DryCounty"]
[Result "1-0"]
[WhiteElo "2347"]
[BlackElo "2658"]
[TimeControl "180+1"]
[EndTime "14:28:28 PST"]
[Termination "pr1105 won by checkmate"]

1. e4 c5 2. Nf3 d6 3. d4 cxd4 4. Nxd4 Nf6 5. Nc3 Nc6 6. Bg5 e6 7. Qd2 Be7 8. O-O-O O-O 9. h4 a6 10. f4 h6 11. Kb1 Qb6 12. Nxc6 bxc6 13. e5 dxe5 14. fxe5 hxg5 15. exf6 Bxf6 16. hxg5 Be5 17. Qe1 Bxc3 18. Qxc3 Rd8 19. Bd3 Rb8 20. b3 Kf8 21.
Rh8+ Ke7 22. Qxg7 Rxh8 23. Qxh8 Kd7 24. Qe5 Ke8 25. Qh8+ Kd7 26. Qe5 Ke8 27. g6 fxg6 28. Bxg6+ Ke7 29. Qg7# 1-0

[Event "Late-Titled-Tuesday-Blitz-February-27-2024"]
[Site "Chess.com"]
[Date "2024.02.27"]
[Round "3"]
[White "karinachess1"]
[Black "esrosenberg"]
[Result "1-0"]
[WhiteElo "2613"]
[BlackElo "2419"]
[TimeControl "180+1"]
[EndTime "14:28:31 PST"]
[Termination "karinachess1 won by resignation"]

1. d4 d5 2. c4 e6 3. Nc3 c5 4. cxd5 cxd4 5. Qxd4 Nc6 6. Qa4 exd5 7.
e3 Nf6 8. Bb5 Bd7 9. Nf3 a6 10.
Bxc6 Bxc6 11. Qd1 Bd6 12. O-O O-O 13. b3 Rc8 14. Bb2 Re8 15. Rc1 Bb8 16. Qd4 Qd6 17. g3 h6 18. Rfd1 Qe6 19. Ne2 Qe4 20. Nd2 Qxd4 21.
Nxd4 Bd7 22. Kg2 Ne4 23. N2f3 Bg4 24. Ne2 Rxc1 25. Rxc1 Ba7 26. Ned4 Bb6 27. h3 Be6 28. Ne1 Nd6 29. Nd3 Bxd4 30. Bxd4 Rc8 31. Rxc8+ Bxc8 32. Nf4 Be6 33. g4 Kf8 34. f3 f6 35. Nxe6+ 1-0

[Event "Late-Titled-Tuesday-Blitz-February-27-2024"]
[Site "Chess.com"]
[Date "2024.02.27"]
[Round "3"]
[White "DanylaBagrov"]
[Black "giovannibrandao7"]
[Result "1-0"]
[WhiteElo "2535"]
[BlackElo "2230"]
[TimeControl "180+1"]
[EndTime "14:28:33 PST"]
[Termination "DanylaBagrov won on time"]

1. d4 Nf6 2. c4 g6 3. Nc3 d5 4. cxd5 Nxd5 5. e4 Nxc3 6. bxc3 Bg7 7. Nf3 c5 8. Bb5+ Bd7 9. Bxd7+ Qxd7 10. O-O O-O 11. Be3 Nc6 12. Rb1 cxd4 13. cxd4 b6 14. Qd2 Rfd8 15. Rfd1 Rac8 16. d5 Na5 17. Bd4 Nc4 18.
Qf4 f6 19. h4 e5 20. dxe6 Qxe6 21. h5 Na3 22. Rbc1 Nc2 23. Bb2 Nb4 24. Rxd8+ Rxd8 25. h6 Nd3 26. Qc7 Rd7 27. Qc8+ Bf8 28. Ba3 Qf7 29.
Rd1 1-0

[Event "Late-Titled-Tuesday-Blitz-February-27-2024"]
[Site "Chess.com"]
[Date "2024.02.27"]
[Round "3"]
[White "AlexPapasimakopoulos"]
[Black "Rud_Makarian"]
[Result "0-1"]
[WhiteElo "2737"]
[BlackElo "3092"]
[TimeControl "180+1"]
[EndTime "14:28:34 PST"]
[Termination "Rud_Makarian won by resignation"]

1. d4 Nf6 2. c4 g6 3. Nc3 Bg7 4. Bg5 d6 5. e3 O-O 6. Nf3 Bf5 7. Be2 Ne4 8. Nxe4 Bxe4 9. O-O a5 10. Nd2 Bc6 11.
Bf3 Na6 12. a3 Bxf3 13. Qxf3 c6 14. Rab1 Qd7 15. Bh4 a4 16. Rfd1 Nc7 17. Ne4 b5 18. cxb5 Nxb5 19. Nc3 Rfb8 20. Rdc1 d5 21. Bg3 Nxc3 22.
Rxc3 Rb6 23. h3 Qb7 24. Qe2 h5 25. Rc2 Ra5 26. Qd1 Rab5 27. Rd2 Rb3 28. Rc1 Bf6 29. h4 Kg7 30. Rdc2 e6 31. Re2 Qe7 32. Rec2 Bxh4 33. Bxh4 Qxh4 34. g3 Qf6 35. Kg2 Rxb2 36. Qf3 Rxc2 37. Qxf6+ Kxf6 38. Rxc2 Rb3 39. Rxc6 Rxa3 40. Rc7 Ra1 41. Ra7 a3 42. Kf3 g5 43. Kg2 g4 44.
Kh2 Kg6 45. Kg2 f6 46. Kh2 Kf5 47. Ra6 e5 48. Kg2 Ke4 49. Ra4 Kd3 50. Kh2 Ke2 51.
Kg2 Rf1 52. Rxa3 Rxf2+ 53. Kg1 Rf3 54. dxe5 Rxg3+ 55. Kh2 Rh3+ 56. Kg2 fxe5 57. Ra5 d4 58. exd4 exd4 59. Re5+ Re3 60. Rxh5 d3 61. Ra5 d2 62. Ra2 Ke1 0-1

[Event "Late-Titled-Tuesday-Blitz-February-27-2024"]
[Site "Chess.com"]
[Date "2024.02.27"]
[Round "3"]
[White "czasnaszachy"]
[Black "Zq1"]
[Result "1/2-1/2"]
[WhiteElo "2440"]
[BlackElo "2619"]
[TimeControl "180+1"]
[EndTime "14:28:36 PST"]
[Termination "Game drawn by repetition"]

1. d4 Nf6 2. c4 a6 3. Nc3 c5 4. d5 b5 5. cxb5 axb5 6. e4 b4 7.
Nb5 d6 8. Bf4 Nbd7 9. Nf3 Ba6 10.
e5 Nh5 11. Qd2 Nxf4 12. Qxf4 Qa5 13. e6 Bxb5 14. Qxf7+ Kd8 15. Bxb5 Qxb5 16. exd7 Kxd7 17. Ng5 h6 18. Qf5+ Kc7 19. Ne6+ Kb6 20. h4 b3 21. a3 Ra4 22. Rh3 Qc4 23. Re3 Qxh4 24.
Qd3 Qh1+ 25. Ke2 Qxa1 26. Qxb3+ Ka5 27. Qb7 Qb1 28. Qc7+ Ka6 29. Qc6+ Ka5 30. Qc7+ Ka6 31. Qc6+ Ka5 32. Qc7+ 1/2-1/2

[Event "Late-Titled-Tuesday-Blitz-February-27-2024"]
[Site "Chess.com"]
[Date "2024.02.27"]
[Round "3"]
[White "Maikrosoft63"]
[Black "elchacal664"]
[Result "1-0"]
[WhiteElo "2610"]
[BlackElo "2418"]
[TimeControl "180+1"]
[EndTime "14:28:38 PST"]
[Termination "Maikrosoft63 won on time"]

1. e4 c5 2. Nf3 d6 3. d4 cxd4 4. Nxd4 Nf6 5. Nc3 g6 6. Be3 a6 7. f3 b5 8. a3 h5 9. Qd2 Bb7 10. Be2 Nc6 11. Nxc6 Bxc6 12. O-O Bg7 13. Nd5 Nxd5 14.
exd5 Bd7 15. Bd4 Bxd4+ 16. Qxd4 O-O 17. c3 Rb8 18. Kh1 Qb6 19. Qh4 Rfe8 20. Rae1 e5 21.
Bd3 Qd8 22. Qg3 h4 23. Qf2 h3 24. Rg1 hxg2+ 25. Rxg2 Qf6 26. Reg1 Bf5 27. Qe3 Kg7 28. Rg5 Bxd3 29. Qxd3 Rh8 30. Rf5 Qh4 31. Rxf7+ Kxf7 32. Qxg6+ Kf8 33. Qxd6+ Kf7 34. Qc7+ Kf6 35. Qg7+ Kf5 36.
Qf7+ 1-0

[Event "Late-Titled-Tuesday-Blitz-February-27-2024"]
[Site "Chess.com"]
[Date "2024.02.27"]
[Round "3"]
[White "guillembaches"]
[Black "MajorCoast"]
[Result "0-1"]
[WhiteElo "2517"]
[BlackElo "2242"]
[TimeControl "180+1"]
[EndTime "14:28:41 PST"]
[Termination "MajorCoast won by checkmate"]

1. d4 d5 2. Nf3 e6 3. c4 h6 4.
cxd5 exd5 5. Nc3 c6 6. Bf4 Bd6 7. Bxd6 Qxd6 8. e3 Bf5 9. Bd3 Bxd3 10. Qxd3 Nd7 11. O-O Ngf6 12. Rab1 a5 13. a3 O-O 14. h3 Rfe8 15. Nd2 g5 16. b4 axb4 17. axb4 g4 18.
e4 dxe4 19. Ndxe4 Qf4 20. Rfe1 gxh3 21. Qxh3 Nxe4 22. Nxe4 Rxe4 23. Qxd7 Rxd4 24. Qxb7 Ra2 25. Re8+ Kg7 26. Rf1 Rd1 27. Qb6 Rxf1+ 28. Kxf1 Ra1+ 29. Ke2 Ra2+ 30. Kf1 Qc4+ 31. Kg1 Ra1+ 32. Kh2 Qh4# 0-1

[Event "Late-Titled-Tuesday-Blitz-February-27-2024"]
[Site "Chess.com"]
[Date "2024.02.27"]
[Round "3"]
[White "ninguno46"]
[Black "ChadBiryani"]
[Result "0-1"]
[WhiteElo "2583"]
[BlackElo "2422"]
[TimeControl "180+1"]
[EndTime "14:28:42 PST"]
[Termination "ChadBiryani won by resignation"]

1. e4 d6 2. d4 Nf6 3. Nc3 e5 4.
Nf3 Nbd7 5. Bc4 Be7 6. O-O O-O 7.
Re1 c6 8. a4 b6 9. Ba2 h6 10. d5 Bb7 11. dxc6 Bxc6 12. Nd5 Nxd5 13. Bxd5 Rc8 14. Bxc6 Rxc6 15. c3 a5 16. Be3 Nc5 17. Bxc5 Rxc5 18. Re2 f5 19. exf5 Rxf5 20. Nd2 d5 21. Nb3 Rc6 22. Rd2 Rd6 23. Qc2 Rdf6 24. Rad1 Qf8 25. Rf1 Qf7 26. Qd1 Kh8 27. Rxd5 Rxf2 28.
Rxf2 Rxf2 29. Rd2 Rf4 30. Re2 e4 31. g3 Rg4 32. Nd4 Bc5 33. Rf2 Qg6 34. Qe2 h5 35. Kg2 h4 36. Kh3 Rxg3+ 0-1

[Event "Late-Titled-Tuesday-Blitz-February-27-2024"]
[Site "Chess.com"]
[Date "2024.02.27"]
[Round "3"]
[White "Eloist"]
[Black "farzadbfd"]
[Result "0-1"]
[WhiteElo "2473"]
[BlackElo "2698"]
[TimeControl "180+1"]
[EndTime "14:28:44 PST"]
[Termination "farzadbfd won on time"]

1. e4 e5 2. Bc4 Nf6 3. d3 Nc6 4.
Nf3 Bc5 5. O-O d6 6. c3 a6 7. Bb3 h6 8. Nbd2 O-O 9. Re1 Re8 10. Nf1 Be6 11. Bxe6 Rxe6 12. d4 exd4 13. cxd4 Bb4 14. d5 Bxe1 15. Nxe1 Rxe4 16. dxc6 bxc6 17. Nf3 Rb8 18.
Ng3 Re8 19. Qc2 c5 20. Bd2 Qd7 21. Rd1 Qe6 22. Bc3 Nd5 23. b3 Nxc3 24. Qxc3 Rb4 25. h3 a5 26. Nh5 Qg6 27. Ng3 a4 28. bxa4 Rxa4 29. a3 Rea8 30. Rd3 Rxa3 31. Qxa3 Rxa3 32. Rxa3 Kh7 33. Ra7 Qb1+ 34. Kh2 Qb8 35. Ra1 c4 36. Rc1 d5 37. Nf5 g6 38. Ne3 c6+ 39. g3 Qb2 40. Rc2 Qb1 41. Ne5 d4 42. N3xc4 Qxc2 0-1

[Event "Late-Titled-Tuesday-Blitz-February-27-2024"]
[Site "Chess.com"]
[Date "2024.02.27"]
[Round "3"]
[White "Fonsofan"]
[Black "Bigfish1995"]
[Result "0-1"]
[WhiteElo "2752"]
[BlackElo "3166"]
[TimeControl "180+1"]
[EndTime "14:28:45 PST"]
[Termination "Bigfish1995 won on time"]

1. b4 Nc6 2. b5 Nd4 3. e3 Ne6 4. Bb2 c5 5. c4 Nf6 6. Nf3 g6 7. Nc3 Bg7 8. Be2 O-O 9. Qb3 b6 10.
a4 a5 11. Ne5 Bb7 12. Bf3 Bxf3 13. Nxf3 Nc7 14. d4 Ne6 15. d5 Nc7 16. e4 d6 17. O-O e5 18. dxe6 fxe6 19. e5 Ng4 20. Ne4 d5 21. cxd5 exd5 22. Rad1 c4 23. Qa3 Rxf3 24.
Qxf3 Qh4 25. h3 Nxe5 26. Bxe5 Bxe5 27. Rfe1 Rf8 28. Qg4 Qxg4 29. hxg4 Bb2 30. Re2 c3 31. Nd6 Rd8 32. Nb7 Rd7 33. Rc2 Kf7 0-1

[Event "Late-Titled-Tuesday-Blitz-February-27-2024"]
[Site "Chess.com"]
[Date "2024.02.27"]
[Round "3"]
[White "dosto07"]
[Black "YQPerez"]
[Result "0-1"]
[WhiteElo "2504"]
[BlackElo "2838"]
[TimeControl "180+1"]
[EndTime "14:28:46 PST"]
[Termination "YQPerez won on time"]

1. e4 d5 2. exd5 Nf6 3. d4 Bg4 4. Be2 Bxe2 5. Qxe2 Qxd5 6. Nf3 e6 7. c4 Bb4+ 8. Bd2 Bxd2+ 9. Nbxd2 Qf5 10. O-O O-O 11.
Rfe1 Nc6 12. Nb3 Rad8 13. Rad1 h6 14. h3 a5 15. Nc1 a4 16. Rd2 Rd6 17. Qd1 Qa5 18.
Ne2 Rfd8 19. Nc3 a3 20. Nb5 R6d7 21. bxa3 Na7 22. Nxa7 Qxa7 23. Qb3 c5 24. d5 exd5 25. cxd5 Rxd5 26. Rxd5 Rxd5 27. Re7 Qb8 28. Rxb7 Qf4 29. g3 Qd6 30. Rb8+ Kh7 31. Qb1+ g6 32. Kg2 Rd3 33. Qb7 Kg7 34. Qc8 g5 35. Qh8+ Kg6 36. h4 Qd5 37. h5+ Kf5 38. Qc8+ Nd7 0-1

[Event "Late-Titled-Tuesday-Blitz-February-27-2024"]
[Site "Chess.com"]
[Date "2024.02.27"]
[Round "3"]
[White "zsizsi99"]
[Black "Malev212"]
[Result "0-1"]
[WhiteElo "2452"]
[BlackElo "2655"]
[TimeControl "180+1"]
[EndTime "14:28:47 PST"]
[Termination "Malev212 won by checkmate"]

1. e4 c5 2. Nf3 e6 3. d4 cxd4 4. Nxd4 Nf6 5. Nc3 d6 6. Be2 Be7 7. O-O Nc6 8. Be3 Bd7 9. Kh1 Nxd4 10. Bxd4 Bc6 11. e5 dxe5 12. Bxe5 Qb6 13. Bd4 Qc7 14. Bb5 Rd8 15. f4 O-O 16. Bxc6 Qxc6 17. Ne2 Ng4 18. Qd3 Bc5 19. c3 Qb6 20. Qf3 h5 21. Bxc5 Qxc5 22. Nd4 Qb6 23. Rab1 g6 24. h3 Nf6 25. g4 Rd5 26. Kg2 Rfd8 27. Rf2 Qc7 28.
Re1 b5 29. a3 a5 30. Re3 b4 31. axb4 axb4 32. Nc2 bxc3 33. bxc3 Rd2 34. Nd4 Rxf2+ 35. Kxf2 Nd5 36. Rd3 hxg4 37. hxg4 Nxf4 38. Re3 g5 39. Qe4 Rb8 40. Qe5 Rb2+ 41. Kf1 Qb7 42. Qxg5+ Kf8 43. Qd8+ Kg7 44. Qg5+ Ng6 45. Rh3 Qg2+ 46. Ke1 Qg1# 0-1

[Event "Late-Titled-Tuesday-Blitz-February-27-2024"]
[Site "Chess.com"]
[Date "2024.02.27"]
[Round "3"]
[White "Gentlejimmy7"]
[Black "KorolDimitriy75"]
[Result "0-1"]
[WhiteElo "2612"]
[BlackElo "2449"]
[TimeControl "180+1"]
[EndTime "14:28:48 PST"]
[Termination "KorolDimitriy75 won on time"]

1. e4 c5 2. Nf3 d6 3. d4 cxd4 4. Nxd4 Nf6 5. Bb5+ Bd7 6. Bxd7+ Qxd7 7. f3 Nc6 8. Be3 Rc8 9. Nc3 g6 10. Qd2 Bg7 11. O-O-O O-O 12. h4 Ne5 13. g4 Nc4 14. Qe2 Qc7 15. Kb1 a6 16. Bc1 b5 17. h5 b4 18. Nd5 Nxd5 19. exd5 Qc5 20. Nc6 Rxc6 21.
dxc6 e6 22. hxg6 hxg6 23. Bh6 Bxb2 24. Bxf8 Kxf8 25. Qd3 Be5 26. a3 Nxa3+ 27. Ka2 Nxc2 28. Qxa6 Kg7 29. Qa8 Qc4+ 0-1

[Event "Late-Titled-Tuesday-Blitz-February-27-2024"]
[Site "Chess.com"]
[Date "2024.02.27"]
[Round "3"]
[White "djano"]
[Black "Jahonas"]
[Result "1-0"]
[WhiteElo "2586"]
[BlackElo "2369"]
[TimeControl "180+1"]
[EndTime "14:28:49 PST"]
[Termination "djano won by checkmate"]

1. e4 e5 2. Nf3 Nc6 3. d4 exd4 4. Bc4 d6 5. Nxd4 Nf6 6. Nc3 Be7 7. O-O O-O 8. h3 Nxd4 9. Qxd4 Bd7 10. Be3 Bc6 11. Rfe1 a6 12. Rad1 Re8 13. e5 dxe5 14. Bxf7+ Kxf7 15. Qc4+ Kf8 16. Rxd8 Raxd8 17. Bc5 Bd6 18. f3 Re7 19. Ne4 Bd5 20. Qc3 Nh5 21. Nxd6 cxd6 22. Bb6 Rdd7 23. Rd1 Bc6 24. Kh2 Nf4 25.
Be3 Nd5 26. Qb3 Nxe3 27. Qxe3 h6 28. c4 Kf7 29. b3 Re6 30. Qc3 Rf6 31. Rd2 g5 32.
Qd3 Kg7 33. Qe3 Rf4 34. c5 Rd4 35. Rxd4 exd4 36. Qxd4+ Kf7 37. cxd6 Ke6 38. Qg4+ Kxd6 39. Qh5 Kc7 40. Qxh6 Rd2 41. Qxg5 Rxa2 42. h4 Kb6 43. b4 Ka7 44. h5 a5 45. h6 axb4 46. h7 b3 47. h8=Q b2 48. Qc5+ b6 49. Qxc6 b1=Q 50. Qha8# 1-0

[Event "Late-Titled-Tuesday-Blitz-February-27-2024"]
[Site "Chess.com"]
[Date "2024.02.27"]
[Round "3"]
[White "vugarrasulov"]
[Black "Mikhail_Golubev"]
[Result "1-0"]
[WhiteElo "2993"]
[BlackElo "2634"]
[TimeControl "180+1"]
[EndTime "14:28:50 PST"]
[Termination "vugarrasulov won on time"]

1. d4 Nf6 2. c4 g6 3. f3 Bg7 4. e4 d6 5. Ne2 O-O 6. Nec3 e5 7. d5 Nh5 8. Be3 c5 9. Qd2 f5 10. Be2 Qh4+ 11. Bf2 Qe7 12. g3 a6 13. Na3 Nf6 14. Be3 f4 15. Bf2 Bh3 16. O-O-O b5 17. cxb5 axb5 18. Bxb5 Bg2 19. Qd3 Bxh1 20. Rxh1 Nbd7 21.
Nc4 fxg3 22. hxg3 Rab8 23. a4 Nh5 24. Kb1 Nb6 25. Na5 Qg5 26. Nc6 Ra8 27. a5 Nc8 28. Ba6 Rf7 29. Bxc8 Rxc8 30. a6 Rff8 31. a7 Qf6 32. Be1 Ra8 33. Rf1 Rf7 34. Nb5 Rb7 35.
Qc4 Qf8 36. g4 Nf4 37. Bd2 Bf6 38. Qa4 Bd8 39. Bxf4 exf4 40. e5 dxe5 41. d6 Qe8 42. Qa6 Rb6 43. Ne7+ Kf8 44. Qa2 1-0

[Event "Late-Titled-Tuesday-Blitz-February-27-2024"]
[Site "Chess.com"]
[Date "2024.02.27"]
[Round "3"]
[White "Elsa167"]
[Black "biostatistician"]
[Result "1-0"]
[WhiteElo "2905"]
[BlackElo "2583"]
[TimeControl "180+1"]
[EndTime "14:28:52 PST"]
[Termination "Elsa167 won on time"]

1. d4 Nf6 2. c4 g6 3. Nc3 Bg7 4. e4 d6 5. h3 O-O 6. Be3 Nc6 7. d5 Ne5 8. f4 Ned7 9. g4 e6 10. dxe6 fxe6 11. Bg2 e5 12. f5 gxf5 13. exf5 Nb6 14. Nge2 Qe8 15. b3 Bd7 16. Ng3 Bc6 17. Qe2 Bxg2 18.
Qxg2 e4 19. Rc1 Qe5 20. g5 Nfd7 21. f6 Nxf6 22. gxf6 Rxf6 23. Rg1 Rg6 24. Nce2 Rf8 25. Qxe4 Qxe4 26. Nxe4 Rxg1+ 27. Bxg1 Re8 28. N4c3 Nd7 29.
Rd1 Ne5 30. Bf2 Nf3+ 31. Kf1 Be5 32. Nd5 c6 33. Ne3 Rf8 34. Kg2 1-0

[Event "Late-Titled-Tuesday-Blitz-February-27-2024"]
[Site "Chess.com"]
[Date "2024.02.27"]
[Round "3"]
[White "Englishman_18"]
[Black "aghasiyevkamal"]
[Result "0-1"]
[WhiteElo "2406"]
[BlackElo "2611"]
[TimeControl "180+1"]
[EndTime "14:28:53 PST"]
[Termination "aghasiyevkamal won on time"]

1. Nf3 d5 2. g3 Nf6 3. Bg2 e6 4. O-O Be7 5. c4 O-O 6. d4 dxc4 7. Qa4 c5 8. Qxc4 Qd5 9. Qd3 Nc6 10. Nc3 Qh5 11.
e3 Rd8 12. Qe2 e5 13. dxe5 Nxe5 14. Nxe5 Qxe5 15. e4 Be6 16. Bf4 Qd4 17. Rfd1 Qb4 18. Bc7 Rd4 19. Be5 Rxd1+ 20. Rxd1 Qa5 21. Nd5 Bxd5 22.
exd5 Qxa2 23. d6 Bd8 24. Bxb7 Rb8 25. d7 Rxb7 26. Bxf6 gxf6 27. Qe8+ Kg7 28. Qxd8 Qb3 29. Rd2 Qb4 30. Qxf6+ Kxf6 31. d8=Q+ Kg6 32. Rd6+ Kf5 33.
Qf6+ Kg4 0-1

[Event "Late-Titled-Tuesday-Blitz-February-27-2024"]
[Site "Chess.com"]
[Date "2024.02.27"]
[Round "3"]
[White "CheckBits"]
[Black "Kgutierrez95"]
[Result "0-1"]
[WhiteElo "2356"]
[BlackElo "2168"]
[TimeControl "180+1"]
[EndTime "14:28:53 PST"]
[Termination "Kgutierrez95 won on time"]

1. e4 c6 2. d4 d5 3. Nd2 dxe4 4. Nxe4 Bf5 5. Ng3 Bg6 6. h4 h6 7. Nf3 Nd7 8. Bd3 Bxd3 9. Qxd3 e6 10. Bf4 Qa5+ 11.
Bd2 Bb4 12. c3 Be7 13. O-O-O Ngf6 14. Kb1 O-O-O 15. c4 Qa4 16. Rhe1 Bd6 17. b3 Qa6 18. Ne4 Nxe4 19. Rxe4 Nf6 20. Re2 Kb8 21. Qc2 c5 22. dxc5 Bxc5 23. Ne5 Rhf8 24. Bc3 Rxd1+ 25. Qxd1 Qd6 26.
Rd2 Qc7 27. Nd7+ Nxd7 28. Rxd7 Qc8 29. Bxg7 Rg8 30. Be5+ Ka8 31. f3 Bb6 32. g4 f5 33.
Bf4 fxg4 34. fxg4 Rxg4 35. Qxg4 Qxd7 36. Qg7 Qxg7 0-1

[Event "Late-Titled-Tuesday-Blitz-February-27-2024"]
[Site "Chess.com"]
[Date "2024.02.27"]
[Round "3"]
[White "Inepton_Fermion"]
[Black "Fh2411"]
[Result "1-0"]
[WhiteElo "2442"]
[BlackElo "2605"]
[TimeControl "180+1"]
[EndTime "14:28:55 PST"]
[Termination "Inepton_Fermion won by resignation"]

1. d4 d5 2. Nc3 Nf6 3. Bg5 c6 4.
e3 Bf5 5. Bxf6 exf6 6. Bd3 Bg6 7. h4 Nd7 8. h5 Bxd3 9. Qxd3 Bd6 10. g4 Qe7 11. Nf3 O-O-O 12. O-O-O Nb6 13. Nh4 g6 14. Nf3 Qe6 15. Rdg1 a5 16. Nd2 a4 17. a3 Qe7 18.
Ne2 Kc7 19. Qc3 Ra8 20. Kb1 Qe6 21. Nc1 Nd7 22. Nd3 b5 23. Nb4 Be7 24. Rg3 Nb6 25.
Re1 Nc4 26. f3 Bxb4 27. Qxb4 Qd6 28. Qxd6+ Nxd6 29. e4 Rhe8 30. Rgg1 Rad8 31. c3 Nc8 32. Kc2 Nb6 33. Kd3 Kd6 34. Rh1 c5 35. exd5 Kxd5 36. Rxe8 Rxe8 37. Ne4 cxd4 38. Nxf6+ 1-0

[Event "Late-Titled-Tuesday-Blitz-February-27-2024"]
[Site "Chess.com"]
[Date "2024.02.27"]
[Round "3"]
[White "BebeBonito2022"]
[Black "xakevicius91"]
[Result "0-1"]
[WhiteElo "2309"]
[BlackElo "2561"]
[TimeControl "180+1"]
[EndTime "14:28:55 PST"]
[Termination "xakevicius91 won by resignation"]

1. d4 Nf6 2. c4 e6 3. Nc3 Bb4 4. e3 O-O 5. Bd2 b6 6. Bd3 Bb7 7. Nf3 d5 8. cxd5 exd5 9. Rc1 a6 10. O-O Bd6 11. Ne5 c5 12. Be1 Nc6 13. f4 cxd4 14.
Nxc6 Bxc6 15. Ne2 Bb7 16. Nxd4 Ne4 17. Qb3 Bc5 18. Bb4 Bxd4 19. exd4 Re8 20. a4 Qf6 21. Bc3 Rac8 22. f5 h5 23. Qd1 Nxc3 24. bxc3 Rxc3 25. Bb1 Rxc1 26. Qxc1 Qxd4+ 27. Kh1 Qc4 28. Qd1 Qe2 29. Bd3 Qxd1 30. Rxd1 Re3 31. Kg1 d4 32. Kf2 Kf8 33. Be2 Re5 34. Rxd4 Rxf5+ 35. Ke3 Re5+ 36.
Kf2 b5 37. axb5 axb5 38. Rb4 Bc6 39. h4 g6 40. g3 Ke7 41. Rd4 f6 42. Bd3 g5 43.
hxg5 fxg5 44. Rb4 Bd7 45. Be4 h4 46. gxh4 gxh4 47. Bf3 h3 48. Kg3 Re3 49. Rb2 Kd6 50. Rf2 Bc6 51. Kf4 Rxf3+ 52. Rxf3 Bxf3 0-1

[Event "Late-Titled-Tuesday-Blitz-February-27-2024"]
[Site "Chess.com"]
[Date "2024.02.27"]
[Round "3"]
[White "HeinichessPY"]
[Black "best926"]
[Result "0-1"]
[WhiteElo "2240"]
[BlackElo "2544"]
[TimeControl "180+1"]
[EndTime "14:28:55 PST"]
[Termination "best926 won by checkmate"]

1. c4 Nf6 2. g3 g6 3. Bg2 Bg7 4. Nf3 O-O 5. O-O d6 6. Nc3 e5 7. d3 c6 8. Rb1 a5 9. a3 h6 10.
b4 axb4 11. axb4 Be6 12. b5 Nbd7 13. bxc6 bxc6 14. Ne1 d5 15. cxd5 cxd5 16. Bd2 Rb8 17. Nf3 Rxb1 18. Qxb1 d4 19. Nb5 Nd5 20. Rc1 Qa8 21.
Nc7 Nxc7 22. Rxc7 Rb8 23. Qc1 Qa2 24. Rc2 Qb1 25. Qxb1 Rxb1+ 26. Rc1 Rb2 27. h3 Bf8 28. Rc8 Kg7 29. Ba5 Rxe2 30. g4 Be7 31. Bd8 Bxd8 32. Rxd8 Kf6 33. Kh2 Rxf2 34. Kg3 Rb2 35. h4 Nc5 36.
g5+ hxg5 37. Nxg5 Nxd3 38. Re8 Nf4 39. Ne4+ Kg7 40. h5 Rxg2+ 41. Kh4 Rg4# 0-1

[Event "Late-Titled-Tuesday-Blitz-February-27-2024"]
[Site "Chess.com"]
[Date "2024.02.27"]
[Round "3"]
[White "Sacbutt"]
[Black "elmusmolamas"]
[Result "0-1"]
[WhiteElo "2330"]
[BlackElo "2504"]
[TimeControl "180+1"]
[EndTime "14:28:55 PST"]
[Termination "elmusmolamas won on time"]

1. e4 c6 2. d4 g6 3. Nc3 d5 4. Nf3 Bg7 5. Be3 dxe4 6. Nxe4 Nf6 7. Nxf6+ exf6 8. Bc4 O-O 9. O-O Nd7 10. h3 Nb6 11.
Bb3 a5 12. a4 Nd5 13. Bd2 Qb6 14. c3 Bf5 15. Bc2 Bxc2 16. Qxc2 Rfe8 17. Rfe1 Rad8 18. Rxe8+ Rxe8 19. Re1 Rxe1+ 20. Nxe1 f5 21. Nd3 Bf8 22. Ne5 Bd6 23. Nc4 Qc7 24. Nxd6 Qxd6 25. c4 Nb4 26. Bxb4 Qxb4 27. b3 Qe1+ 28. Kh2 h5 29. h4 Kf8 30. g3 f6 31. Kg2 Ke7 32. Qd3 Kd6 33. Qe3 Qb1 34.
Kh2 Qe4 35. Qxe4 fxe4 36. Kg2 g5 37. Kh3 Ke6 38. g4 hxg4+ 39. Kxg4 gxh4 40. Kxh4 Kf5 41. Kg3 Kg5 42. f3 e3 43. f4+ Kf5 44. Kf3 e2 45. Kxe2 Kxf4 46. Kd3 f5 0-1

[Event "Late-Titled-Tuesday-Blitz-February-27-2024"]
[Site "Chess.com"]
[Date "2024.02.27"]
[Round "3"]
[White "IM_Tissir"]
[Black "mjelcic"]
[Result "1-0"]
[WhiteElo "2491"]
[BlackElo "2241"]
[TimeControl "180+1"]
[EndTime "14:28:56 PST"]
[Termination "IM_Tissir won on time"]

1. e4 c5 2. Nc3 Nc6 3. Bb5 Nd4 4. Bc4 g6 5. Nf3 Bg7 6. O-O e6 7. Nxd4 Bxd4 8. Nb5 d5 9. exd5 exd5 10. Bxd5 Ne7 11. Bb3 Bg7 12. d3 O-O 13. Re1 Nc6 14. Nc3 Nd4 15.
Be3 Bd7 16. Bxd4 Bxd4 17. Bd5 Qc7 18. Qf3 Rab8 19. Re7 Kh8 20. Rae1 Qd6 21. a4 b6 22. Nb5 Bxb5 23. axb5 Bxb2 24. Rxa7 Rbd8 25. c4 Rde8 26. Rxe8 Rxe8 27. g3 f5 28. h4 Bd4 29. Kg2 Qe5 30. Rb7 Qf6 31. Bc6 Rf8 32. Rxb6 f4 33. g4 Qxh4 34.
Be4 1-0